 Dungeon Crawl Stone Soup version 0.28-a0-2-g643f2454ad (webtiles) character file.

Game seed: 13969477432401875341

173 Wyvernaa the Shield-Bearer (level 5, -1/41 HPs)
             Began as a Human Fighter on July 22, 2021.
             Slain by an orc wizard (2 damage)
             ... on level 4 of the Dungeon.
             The game lasted 00:04:54 (4172 turns).

Wyvernaa the Shield-Bearer (Human Fighter)          Turns: 4172, Time: 00:04:55

Health: -1/41      AC:  7    Str: 18    XL:     5   Next: 83%
Magic:  5/5        EV:  7    Int:  8    God:
Gold:   126        SH:  0    Dex: 12    Spells: 4/4 levels left

rFire   . . .      SeeInvis .   a - +0 trident
rCold   . . .      Faith    .   c - +0 kite shield
rNeg    . . .      Spirit   .   b - +0 scale mail
rPois   .          Reflect  .   (no helmet)
rElec   .          Harm     .   (no cloak)
rCorr   .          Rampage  .   (no gloves)
Will    .....                   (no boots)
Stlth   ..........              (no amulet)
HPRegen 0.13/turn               (no ring)
MPRegen 0.09/turn               (no ring)

@: confused, mighty, attractive
A: no striking features
a: no special abilities


You were on level 4 of the Dungeon.
You visited 1 branch of the dungeon, and saw 4 of its levels.

You collected 126 gold pieces.

Inventory:

Hand Weapons
 a - a +0 trident (weapon)
Armour
 b - a +0 scale mail (worn)
 c - a +0 kite shield (worn)
Jewellery
 j - an amulet of magic regeneration
Wands
 h - a wand of flame (9)
Scrolls
 g - a scroll of magic mapping
 k - a scroll of identify
Potions
 e - 2 potions of magic
 i - 2 potions of resistance


   Skills:
 + Level 3.5 Fighting
 + Level 3.5 Polearms
 + Level 3.7 Armour
 + Level 0.8 Dodging
 + Level 4.1 Shields


You had 4 spell levels left.
You didn't know any spells.
Your spell library contained the following spells:

 Spells                   Type           Power      Damage    Failure   Level
 Animate Skeleton         Necr           0%         N/A       99%         1
 Pain                     Necr           0%         1d4       99%         1
 Vampiric Draining        Necr           0%         2d6       100%        3


Dungeon Overview and Level Annotations

Branches:
Dungeon (4/15)
 Temple: D:4-7

Altars:


Message History

You hear some strange, mumbled words.
A puff of flame appears from out of thin air!
The puff of flame hits you!
You're too confused to move!
Something hits you but does no damage. Something hits you but does no damage.
You feel less confused. Something hits you but does no damage.
You barely miss something. Something hits you.
You miss something.
You hear some strange, mumbled words.
Something tries to affect you, but you resist.
You hit something. Something hits you.
You miss something. Something hits you but does no damage. Something hits you.
Your scale mail prevents you from hitting something.
Something hits you but does no damage.
You hit something. Something hits you.
* * * LOW HITPOINT WARNING * * *
You hear some strange, mumbled words.
A magic dart appears from out of thin air!
The magic dart hits you.
* * * LOW HITPOINT WARNING * * *
You miss something.
You hear some strange, mumbled words.
A puff of flame appears from out of thin air!
The puff of flame hits you.
* * * LOW HITPOINT WARNING * * *
It was a potion of attraction.
You feel attractive to monsters.
You hear some strange, mumbled words.
Something tries to affect you, but you resist.
You feel very mighty all of a sudden. Something hits you.
* * * LOW HITPOINT WARNING * * *
You closely miss something. Something hits you but does no damage.
You barely miss something.
An orc wizard appears from thin air!
Reactivating autopickup.
The orc wizard gestures at you while chanting.
You are confused.
The orc wizard hits you with a +0 dagger.
You die...

#. #.####..#..)#.. #.
#.#.. ###......... .#.#
#.#.# #...........
....##...###.##........
#...#..##...#.........
#.....?..##..#.......
.######....####.#........
..................#####.#
##...#@..#.)..### .#
#..##.o.#..#### .
##.###...!.##
............#######
#....!##.#........#
.........##.#####..
###..###<...# #..
#.#....# #. ........[#


You could see an orc wizard.

Vanquished Creatures
  Ijyb (D:3)
  An iguana (D:3)
  A gnoll (D:4)
  3 adders
  An ufetubus (D:4)
  A worm (D:4)
  3 dart slugs
  2 orcs
  7 endoplasms
  3 giant cockroaches
  5 goblins
  8 hobgoblins
  7 jackals
  2 quokkas (D:3)
  8 ball pythons
  4 bats
  2 frilled lizards
  7 kobolds
66 creatures vanquished.

Notes
Turn   | Place    | Note
-------+----------+-------------------------------------------
     0 | D:1      | Wyvernaa the Human Fighter began the quest for the Orb.
     0 | D:1      | Reached XP level 1. HP: 18/18 MP: 1/1
   267 | D:1      | Found a faded altar of an unknown god.
   289 | D:1      | Reached XP level 2. HP: 24/24 MP: 2/2
   488 | D:1      | Reached XP level 3. HP: 27/27 MP: 3/3
  1291 | D:2      | Reached XP level 4. HP: 29/35 MP: 4/4
  2062 | D:3      | Noticed Ijyb
  2086 | D:3      | Killed Ijyb
  2087 | D:3      | Reached XP level 5. HP: 15/41 MP: 5/5
  3155 | D:4      | Reached skill level 4 in Shields
  3371 | D:3      | HP: 1/41 [iguana (10)]
  4170 | D:4      | HP: 1/41 [something (2)]
  4172 | D:4      | Slain by an orc wizard

Illustrated notes

Levels and vault maps discovered:
D:1:      lemuel_arrival_broad_hall, layout_loops_ring, basic_ecumenical_altar
D:2:      layout_basic
D:3:      layout_rooms, uniq_ijyb
D:4:      layout_rooms, grunt_temple_overflow_open, minmay_temple_entry_glass,
          st_stairs_9, uniq_duvessa

Skill      XL: |  1  2  3  4  5 |
---------------+----------------+-----
Polearms       | 3 |  3.5
Shields        | 4 |  4.1
Fighting       | |  3.5
Armour         | |  3.7
Dodging        | |  0.8

Action                   |  1- 3 |  4- 6 || total
-------------------------+-------+-------++-------
Melee: Trident           |   103 |   169 ||   272
  Use: Scroll            |     3 |     2 ||     5
       Potion            |       |     3 ||     3
Armor: Scale mail        |    44 |    66 ||   110
Dodge: Dodged            |    21 |    46 ||    67
Block: Kite shield       |    47 |    92 ||   139

Table legend: (Time is in decaauts)
 A = Elapsed time spent in this place.
 B = Non-inter-level travel time spent in this place.
 C = Inter-level travel time spent in this place.
 D = Time resting spent in this place.
 E = Time spent auto-exploring this place.
 F = Levels seen in this place.
 G = Mean time per level.
                   A        B        C        D        E       F      G
               +--------+--------+--------+--------+--------+-----+--------+
         Total |   4280 |   4220 |     60 |   1388 |   2216 |   4 | 1070.0 |
       Dungeon |   4280 |   4220 |     60 |   1388 |   2216 |   4 | 1070.0 |
               +--------+--------+--------+--------+--------+-----+--------+

Top non-repeatable levels by time:
     D:3: 2017 daAuts
     D:1: 1082 daAuts
     D:2: 699 daAuts
     D:4: 480 daAuts
